 Dungeon Crawl Stone Soup version 0.22.0-38-g04b72b8 (webtiles) character file.

10609 shmeve the Fighter (level 11, 0/101 HPs)
             Began as a Minotaur Fighter on Aug 29, 2018.
             Was a Priest of Trog.
             Slain by Sonja
             ... wielding a +0 dagger of distortion
              (19 damage)
             ... on level 10 of the Dungeon.
             The game lasted 00:26:16 (10055 turns).

shmeve the Fighter (Minotaur Fighter)              Turns: 10055, Time: 00:26:16

Health: 0/101      AC: 19    Str: 23    XL:     11   Next: 38%
Magic:  10/10      EV:  8    Int:  5    God:    Trog [***...]
Gold:   612        SH: 14    Dex: 11    Spells: 10/10 levels left

rFire    . . .     SeeInvis .   u - +2 hand axe (vamp)
rCold    . . .     Gourm    .   D - +2 shield
rNeg     . . .     Faith    .   C - +0 plate armour
rPois    .         Spirit   .   d - +2 hat
rElec    .         Reflect  .   c - +1 cloak {MR+}
rCorr    .         Harm     .   (no gloves)
MR       +....                  a - +0 pair of boots
Stlth    ..........             (no amulet)
HPRegen  0.26/turn              (no ring)
MPRegen  0.12/turn              (no ring)

@: slowed, very slow
A: retaliatory headbutt, horns 2
a: Berserk, Trog's Hand, Renounce Religion


You were on level 10 of the Dungeon.
You worshipped Trog.
Trog was most pleased with you.
You were hungry.

You visited 2 branches of the dungeon, and saw 11 of its levels.
You also visited: Sewer.

You collected 612 gold pieces.

Inventory:

Hand Weapons
 s - a +0 dagger
 u - a +2 vampiric hand axe (weapon)
Missiles
 h - a javelin (quivered)
 F - 2 throwing nets
Armour
 a - a +0 pair of boots (worn)
 c - a +1 cloak of magic resistance (worn)
 d - a +2 hat (worn)
 r - a +0 chain mail of poison resistance
 C - a +0 plate armour (worn)
 D - a +2 shield (worn)
 E - a +3 large shield
Wands
 y - a wand of disintegration (11)
Scrolls
 g - a scroll of amnesia
 j - 13 scrolls of identify
 n - 3 scrolls of blinking
 w - 5 scrolls of teleportation
 A - a scroll of fog
 B - a scroll of immolation {unknown}
Potions
 e - a potion of haste {unknown}
 i - a potion of ambrosia {unknown}
 k - 6 potions of degeneration {unknown}
 l - 4 potions of flight
 o - 4 potions of curing
 p - 3 potions of invisibility
 q - a potion of berserk rage {unknown}
 t - 5 potions of lignification {unknown}
 x - 2 potions of mutation {unknown}
 z - 5 potions of brilliance {unknown}
Comestibles
 b - 14 chunks of flesh
 f - 14 rations


   Skills:
 * Level 10.4 Fighting
 * Level 9.9 Axes
 * Level 8.0 Throwing
 + Level 7.8 Armour
 + Level 6.2 Dodging
 * Level 10.3 Shields


You had 10 spell levels left.
You didn't know any spells.
Your spell library was empty.

Dungeon Overview and Level Annotations

Branches:
Dungeon (10/15)            Temple (1/1) D:5            Lair (0/6) D:9
    Orc (0/2) D:9

Altars:
Ashenzari
Cheibriados
Dithmenos
Elyvilon
Fedhas
Gozag
Hepliaklqana
Kikubaaqudgha
Nemelex Xobeh
Qazlal
Ru
Sif Muna
Trog
Uskayaw
Vehumet
Wu Jian
Xom
Yredelemnul
Zin
The Shining One

Shops:
D:4 [   D:7 ?

Annotations:
D:10 Sonja


Innate Abilities, Weirdness & Mutations

You reflexively headbutt those who attack you in melee.
You have a pair of horns on your head.


Message History

Aim: Sonja, wielding a dagger of distortion You throw a javelin.
The javelin hits Sonja!
Sonja is heavily wounded.
Sonja hits you but does no damage. Space bends around you.
Sonja hits you but does no damage. Space bends around you.
Sonja closely misses you. You block Sonja's attack. x2
Sonja hits you but does no damage. Space warps horribly around you!
You barely miss Sonja.
Sonja is heavily wounded.
Sonja hits you but does no damage.
You feel strangely unstable. You block Sonja's attack.
Sonja hits you but does no damage. Space warps horribly around you!
* * * LOW HITPOINT WARNING * * *
You block Sonja's attack. Sonja hits you but does no damage.
You feel strangely stable. Sonja completely misses you.
You closely miss Sonja. Your headbutt misses Sonja.
Sonja is heavily wounded.
Sonja barely misses you. Sonja hits you but does no damage.
Space warps horribly around you!
You die...

#......[...#
#.$........#
#..........#
#..........#
#....(.....#
#..........#
#..#
#..........#
#..#
#..........#
#..#
#.....K@...#
#..#
#>....>....#
#..#
#..(########
#..#####...#
#......(...#
#..........#
#..######<.#
#..# #..#
###..# #.†#


You could see Sonja.

Vanquished Creatures
  A two-headed ogre (D:8)
  3 death yaks (D:9)
  An ugly thing (D:8)
  A manticore (D:8)
  Joseph (D:7)
  Maurice (D:8)
  2 hippogriffs
  Eustachio (D:6)
  3 yaks (D:10)
  2 humans
  2 steam dragons (D:9)
  Grum (D:8)
  Duvessa (D:7)
  A porcupine (D:9)
  A water moccasin (D:10)
  A black bear (D:10)
  2 sky beasts
  An ice beast (D:7)
  5 orc warriors
  2 phantoms
  2 wolves (D:8)
  2 ogres
  3 centaurs
  3 big kobolds
  3 bullfrogs
  A wyvern zombie (D:8)
  2 gnoll sergeants (D:6)
  A water moccasin skeleton (D:8)
  Dowan (D:7)
  3 scorpions
  7 killer bees (D:8)
  8 wights
  3 crimson imps
  A bullfrog zombie (D:6)
  2 quasits
  9 hounds
  2 bullfrog skeletons
  A gnoll shaman (D:7)
  3 orc priests
  11 orc wizards
  2 centaur skeletons
  2 iguanas
  A human skeleton (D:10)
  2 hell rats (D:9)
  9 worker ants
  Ijyb (D:3)
  A hound skeleton (D:4)
  A worker ant zombie (D:7)
  10 gnolls
  10 adders
  A shadow imp (D:8)
  5 worms
  3 dart slugs
  3 leopard geckos
  33 orcs
  8 giant cockroaches
  7 goblins
  11 hobgoblins
  15 jackals
  10 quokkas
  7 ball pythons
  10 bats
  8 frilled lizards
  A giant cockroach zombie (D:6)
  17 kobolds
  A quokka skeleton (D:4)
  10 rats
290 creatures vanquished.

Vanquished Creatures (others)
  2 fungi (D:9)
2 creatures vanquished.

Grand Total: 292 creatures vanquished

Notes
Turn   | Place    | Note
-------+----------+-------------------------------------------
     0 | D:1      | shmeve the Minotaur Fighter began the quest for the Orb.
     0 | D:1      | Reached XP level 1. HP: 19/19 MP: 0/0
   175 | D:1      | Reached XP level 2. HP: 13/27 MP: 1/1
   559 | D:1      | Found an ornate altar of the Wu Jian Council.
   561 | D:1      | Found a deep blue altar of Sif Muna.
   561 | D:1      | Found an ornate altar of the Wu Jian Council.
   563 | D:1      | Found a snail-covered altar of Cheibriados.
   563 | D:1      | Found an opulent altar of Gozag.
   563 | D:1      | Found a shimmering altar of Xom.
   953 | D:2      | Reached XP level 3. HP: 33/33 MP: 2/2
  1027 | D:2      | Reached skill level 1 in Dodging
  1398 | D:2      | Reached skill level 1 in Throwing
  1666 | D:2      | Reached XP level 4. HP: 40/40 MP: 3/3
  1667 | D:2      | Found a shadowy altar of Dithmenos.
  1935 | D:3      | Noticed a bullfrog
  1940 | D:3      | Killed a bullfrog
  1940 | D:3      | Reached XP level 5. HP: 39/47 MP: 4/4
  2261 | D:3      | Noticed Ijyb
  2284 | D:3      | Killed Ijyb
  2475 | D:3      | Found a snail-covered altar of Cheibriados.
  2694 | D:4      | Reached XP level 6. HP: 11/55 MP: 5/5
  2861 | D:4      | Reached skill level 5 in Shields
  2938 | D:4      | Found Miqi's Armour Shop.
  2943 | D:4      | Reached skill level 5 in Fighting
  3019 | D:4      | Found a deep blue altar of Sif Muna.
  3120 | D:4      | Reached XP level 7. HP: 55/61 MP: 6/6
  3487 | D:5      | Entered Level 5 of the Dungeon
  3499 | D:5      | Reached skill level 5 in Axes
  3571 | D:5      | Reached skill level 5 in Armour
  3592 | D:5      | Reached XP level 8. HP: 60/70 MP: 7/7
  3754 | D:5      | Found a glowing drain.
  3761 | Sewer    | Entered a sewer
  4411 | D:5      | Found a sacrificial altar of Ru.
  4665 | D:5      | Found a staircase to the Ecumenical Temple.
  4690 | Temple   | Entered the Ecumenical Temple
  4769 | Temple   | Became a worshipper of Trog the Wrathful
  5095 | D:6      | Found a radiant altar of Vehumet.
  5096 | D:6      | Found an ancient bone altar of Kikubaaqudgha.
  5127 | D:6      | Noticed Eustachio
  5153 | D:6      | Killed Eustachio
  5201 | D:6      | Reached XP level 9. HP: 61/79 MP: 8/8
  5416 | D:6      | Reached skill level 5 in Throwing
  5501 | D:6      | Reached * piety under Trog
  5817 | D:6      | Found a glowing silver altar of Zin.
  5817 | D:6      | Noticed an angel
  6071 | D:7      | Found a stormy altar of Qazlal.
  6094 | D:7      | Noticed Joseph
  6132 | D:7      | Killed Joseph
  6453 | D:7      | Noticed Dowan
  6454 | D:7      | Noticed Duvessa
  6458 | D:7      | Killed Dowan
  6462 | D:7      | Killed Duvessa
  6489 | D:7      | Found a shattered altar of Ashenzari.
  6997 | D:7      | Found Ehyih's Magic Scroll Shoppe.
  7372 | D:8      | Noticed Maurice
  7373 | D:8      | Found a white marble altar of Elyvilon.
  7389 | D:8      | Noticed a two-headed ogre
  7399 | D:8      | Killed a two-headed ogre
  7399 | D:8      | Reached XP level 10. HP: 90/90 MP: 9/9
  7543 | D:8      | Noticed a manticore
  7559 | D:8      | Killed a manticore
  7559 | D:8      | Reached ** piety under Trog
  7559 | D:8      | Reached skill level 5 in Dodging
  7629 | D:8      | Killed Maurice
  8104 | D:8      | Noticed Grum
  8121 | D:8      | Killed Grum
  8299 | D:8      | Noticed a purple ugly thing
  8318 | D:8      | Killed a purple ugly thing
  8494 | D:9      | Found a sparkling altar of Nemelex Xobeh.
  8502 | D:9      | Noticed a death yak
  8515 | D:9      | Noticed a death yak
  8521 | D:9      | Noticed a death yak
  8526 | D:9      | Killed a death yak
  8544 | D:9      | Killed a death yak
  8544 | D:9      | Reached skill level 10 in Fighting
  8544 | D:9      | Reached XP level 11. HP: 34/99 MP: 10/10
  8557 | D:9      | Killed a death yak
  8557 | D:9      | Reached skill level 10 in Shields
  8854 | D:9      | Found a staircase to the Lair.
  8907 | D:9      | Found an ornate altar of the Wu Jian Council.
  9318 | D:9      | Found a blossoming altar of Fedhas.
  9344 | D:9      | Found a staircase to the Orcish Mines.
  9614 | D:9      | Reached *** piety under Trog
  9659 | D:10     | Entered Level 10 of the Dungeon
  9864 | D:10     | Found a runed door.
  9871 | D:10     | Found a basalt altar of Yredelemnul.
  9986 | D:10     | Noticed Sonja
 10055 | D:10     | Slain by Sonja

Skill      XL: |  1  2  3  4  5  6  7  8  9 10 11 |
---------------+----------------------------------+-----
Fighting       | 4 5 6 7 8 10 | 10.4
Axes           | 3 4 5 6 8 9 |  9.9
Dodging        | 1 2 3 4 5 6 |  6.2
Shields        | 4 5 6 7 8 9 10 | 10.3
Throwing       | 1 2 3 4 6 7 8 |  8.0
Armour         | 4 5 6 7 |  7.8

Action                   |  1- 3 |  4- 6 |  7- 9 | 10-12 || total
-------------------------+-------+-------+-------+-------++-------
Melee: War axe           |   138 |    67 |       |       ||   205
       Headbutt          |     9 |    22 |    96 |    75 ||   202
       Unarmed           |       |    11 |       |       ||    11
       Hand axe          |       |    40 |   473 |   371 ||   884
Throw: Javelin           |       |       |     2 |     4 ||     6
Invok: Berserk           |       |       |     3 |     3 ||     6
       Trog's Hand       |       |       |       |     1 ||     1
  Use: Scroll            |     8 |       |     4 |     4 ||    16
       Potion            |       |     2 |       |     4 ||     6
 Stab: Distracted        |       |       |       |     1 ||     1
  Eat: Chunk             |     3 |     3 |    12 |     6 ||    24
       Ration            |       |     2 |     1 |     2 ||     5
Armor: Scale mail        |    61 |    15 |       |       ||    76
       Chain mail        |       |    48 |    98 |       ||   146
       Skin              |       |     4 |       |       ||     4
       Plate armour      |       |       |   144 |   159 ||   303
Dodge: Dodged            |    46 |    44 |   116 |    69 ||   275
Block: Shield            |    87 |   105 |   313 |    77 ||   582
       Large shield      |       |       |    11 |   284 ||   295
